 Dungeon Crawl Stone Soup version 0.18.1-47-g9310371 (webtiles) character file.

8250 rockintein the Cleaver (level 11, -4/151 HPs)
             Began as a Minotaur Berserker on June 23, 2016.
             Was a High Priest of Trog.
             Slain by an orc knight
             ... wielding a +0 glaive
              (13 damage)
             ... in a bailey.
             The game lasted 00:21:04 (10114 turns).

rockintein the Cleaver (Minotaur Berserker)        Turns: 10114, Time: 00:21:05

Health: -4/151     AC: 17    Str: 24    XL:     11   Next: 7%
Magic:  10/10      EV:  9    Int:  4    God:    Trog [*****.]
Gold:   736        SH: 12    Dex: 14    Spells: 0 memorised, 10 levels left

rFire  + . .     SeeInvis .     e - +1 hand axe (freeze)
rCold  + . .     Gourm    .     p - +0 scale mail "Uqaxisko" {rC+ rN+ Regen+ Str-5}
rNeg   + . .     Faith    .     a - +1 shield {reflect}
rPois  .         Spirit   .     (helmet restricted)
rElec  .         Dismiss  .     w - +1 cloak
rCorr  .         Reflect  +     d - +0 pair of gloves of Nyxkuvog {MR++ Dex+3}
SustAt .         Harm     .     (no boots)
MR     ++...                    (no amulet)
Stlth  ..........               x - +5 ring of protection
                                E - ring of the Hippo {+Fly rF+ Stlth+}

@: berserking, flying, very quick, very resistant to hostile enchantments,
extremely unstealthy
A: retaliatory headbutt, horns 2
a: Berserk, Trog's Hand, Brothers in Arms, Burn Spellbooks, Renounce Religion,
Stop Flying


You were in a bailey.
You worshipped Trog.
Trog was extremely pleased with you.
You were not hungry.

You visited 2 branches of the dungeon, and saw 11 of its levels.
You also visited: Bailey.

You collected 736 gold pieces.

Inventory:

Hand Weapons
 b - a +1 flail of crushing
 e - a +1 hand axe of freezing (weapon)
 G - the +5 halberd of Nyhumn {drain, Int+4}
   (You found it on level 10 of the Dungeon)

   A truly terrible weapon, it drains the life of those it strikes.
   It affects your intelligence (+4).
Armour
 a - a +1 shield of reflection (worn)
 d - the +0 pair of gloves of Nyxkuvog (worn) {MR++ Dex+3}
   (You acquired it in the Ecumenical Temple)

   It affects your dexterity (+3).
   It affects your resistance to hostile enchantments.
 p - the +0 scale mail "Uqaxisko" (worn) {rC+ rN+ Regen+ Str-5}
   (You found it on level 8 of the Dungeon)

   It affects your strength (-5).
   It protects you from cold.
   It protects you from negative energy.
   It increases your rate of regeneration.
 w - a +1 cloak (worn)
Jewellery
 q - an uncursed ring of resist corrosion
 u - an uncursed ring of protection from magic
 x - a +5 ring of protection (right hand)
 A - an uncursed ring of sustain attributes
 E - the ring of the Hippo (left hand) {+Fly rF+ Stlth+}
   (You found it on level 10 of the Dungeon)

   [ring of flight]

   It protects you from fire.
   It lets you fly.
   It makes you more stealthy.
Wands
 f - a wand of heal wounds (4/9)
 j - a wand of disintegration (15/24)
Scrolls
 k - 6 scrolls of remove curse
 m - 2 scrolls of identify
 n - 3 scrolls of fear
 o - 2 scrolls of amnesia
 r - 4 scrolls of teleportation
 v - a scroll of magic mapping
Potions
 h - 2 potions of curing
 i - a potion of haste
 l - 2 potions of agility
 z - a potion of flight
 B - 2 potions of resistance
 C - a potion of brilliance
 F - a potion of magic
Books
 t - a book of the Sky

   Spells                             Type                      Level
   a - Summon Lightning Spire         Summoning/Air                4
   b - Airstrike                      Air                          4
   c - Silence                        Hexes/Air                    5
   d - Deflect Missiles               Charms/Air                   6
   e - Conjure Ball Lightning         Conjuration/Air              6
   f - Tornado                        Air                          9
   Trog disapproves of the use of such an item.
 y - a book of Death

   Spells                             Type                      Level
   a - Corpse Rot                     Necromancy                   2
   b - Sublimation of Blood           Necromancy                   2
   c - Agony                          Necromancy                   5
   d - Dispel Undead                  Necromancy                   5
   e - Excruciating Wounds            Charms/Necromancy            5
   f - Bolt of Draining               Conjuration/Necromancy       5
   Trog disapproves of the use of such an item.
Comestibles
 c - 5 bread rations
 s - a royal jelly


   Skills:
 + Level 10.7 Fighting
 * Level 14.3 Axes
 + Level 10.4 Armour
 - Level 2.1 Dodging
 + Level 7.1 Shields


You had 10 spell levels left.
You didn't know any spells.

Dungeon Overview and Level Annotations

Branches:
Dungeon (10/15)            Temple (1/1) D:7            Lair (0/8) D:8
    Orc (0/2) D:9

Altars:
Ashenzari
Cheibriados
Dithmenos
Elyvilon
Fedhas
Gozag
Kikubaaqudgha
Makhleb
Nemelex Xobeh
Okawaru
Pakellas
Qazlal
Ru
Sif Muna
Trog
Vehumet
Xom
Yredelemnul
Zin
The Shining One


Innate Abilities, Weirdness & Mutations

You reflexively headbutt those who attack you in melee.
You have a pair of horns on your head.


Message History

The orc warrior hits you but does no damage.
You block the orc knight's attack.
You miss the orc knight. Your headbutt misses the orc knight.
The orc knight is moderately wounded.
You slash the orc warrior! You freeze the orc warrior.
You kill the orc warrior!
Trog accepts your kill.
You closely miss the orc knight.
The orc knight is severely wounded.
You hit the orc knight but do no damage.
You headbutt the orc knight!
The orc knight is heavily wounded.
You hit the orc knight but do no damage.
The orc knight is severely wounded.
The orc warrior hits you from afar with a glaive!
* * * LOW HITPOINT WARNING * * *
The orc knight hits you with a glaive!
* * * LOW HITPOINT WARNING * * *
The orc knight hits you from afar with a glaive!
You die...

#.≈..##### ##....))).
#.≈.#############+############
#.≈.##.....##.........##.....#
#.≈..##...##..≈≈≈≈≈≈≈..##...##
#.≈≈..##.##..≈≈.....≈≈..)#.##.
#∩.≈≈..#'#.§≈§..o⌠...≈§..#'#..
##.≈≈..#'#.§§§oo⌠⌠⌠..≈≈..#'#.)
#.≈≈..##.##.§≈§)....≈≈..##.##.
#.≈..##...#'§@§≈≈≈§≈§..##...##
#.≈.##..)..##.§.......##.[...#
#.≈.#############'###'########
#.≈..........##.....##........
#.≈≈≈≈≈≈≈≈≈≈..##.∩.##..≈≈≈≈≈≈≈
#..........≈≈..##.##..≈≈......
##########..≈≈..###..≈≈..#####
##..≈≈.....≈≈..##
##..≈≈≈≈≈≈≈..##


You could see 2 orc knights and an orc warrior.

Vanquished Creatures
  A hill giant (D:10)
  The ghost of LinoAlbertino the Skirmisher, a novice OgBe of Trog (D:4)
  The ghost of Malvoorn the Ruffian, a novice TrMo (D:5)
  A troll (D:9)
  Grinder (D:3)
  Prince Ribbit (D:5)
  A wyvern (D:10)
  A hippogriff (D:7)
  A hungry ghost (D:8)
  A water moccasin (D:7)
  2 ice beasts
  8 orc warriors
  A black bear (D:10)
  A necrophage (D:10)
  5 ogres
  3 sky beasts
  A phantom (D:4)
  5 centaurs
  3 giant frogs
  A water moccasin skeleton (D:5)
  A scorpion (D:10)
  7 wights (D:8)
  A howler monkey (D:8)
  2 crimson imps (D:10)
  2 quasits (D:9)
  A wasp zombie (D:6)
  A giant frog zombie (D:9)
  3 jellies
  A centaur skeleton (D:8)
  3 hounds
  4 orc priests
  2 iguanas
  7 orc wizards
  7 worker ants
  A killer bee zombie (D:10)
  A hound zombie (D:5)
  A worker ant zombie (D:10)
  A howler monkey zombie (D:7)
  8 gnolls
  10 adders
  3 oozes
  2 adder zombies
  An adder skeleton (D:7)
  3 worms
  3 dart slugs
  4 giant geckos
  31 orcs
  3 bats
  8 giant cockroaches
  10 goblins
  11 hobgoblins
  5 jackals (D:4)
  16 kobolds
  3 quokkas
  A ball python (D:5)
  A giant cockroach zombie (D:5)
  4 giant gecko skeletons
  4 giant newts
  A jackal skeleton (D:8)
  A jackal zombie (D:6)
  8 rats
227 creatures vanquished.

Notes
Turn   | Place    | Note
--------------------------------------------------------------
     0 | D:1      | rockintein the Minotaur Berserker began the quest for the Orb.
     0 | D:1      | Reached XP level 1. HP: 19/19 MP: 0/0
    71 | D:1      | Reached skill level 4 in Axes
    71 | D:1      | Reached XP level 2. HP: 26/27 MP: 1/1
   377 | D:1      | Reached XP level 3. HP: 33/33 MP: 2/2
   429 | D:1      | Reached ** piety under Trog
   996 | D:2      | Found a faded altar to an unknown god.
  1604 | D:2      | Found an opulent altar of Gozag.
  1921 | D:3      | Reached XP level 4. HP: 40/41 MP: 3/3
  1970 | D:3      | Reached skill level 5 in Axes
  2375 | D:3      | Found an ancient bone altar of Kikubaaqudgha.
  2381 | D:3      | Reached *** piety under Trog
  2425 | D:3      | Found a white marble altar of Elyvilon.
  2425 | D:3      | Found a bloodstained altar of Trog.
  2444 | D:3      | Noticed Grinder
  2448 | D:3      | Paralysed by Grinder for 2 turns
  2454 | D:3      | Killed Grinder
  2454 | D:3      | Reached skill level 5 in Fighting
  2454 | D:3      | Reached skill level 6 in Axes
  2454 | D:3      | Reached XP level 5. HP: 40/48 MP: 4/4
  2454 | D:3      | Reached XP level 6. HP: 46/56 MP: 5/5
  3253 | D:4      | Reached skill level 7 in Axes
  3389 | D:4      | Noticed LinoAlbertino's ghost (novice OgBe)
  3398 | D:4      | Killed LinoAlbertino's ghost
  3398 | D:4      | Reached skill level 8 in Axes
  3398 | D:4      | Reached skill level 5 in Armour
  3398 | D:4      | Reached XP level 7. HP: 58/63 MP: 6/6
  3708 | D:4      | Found a white marble altar of Elyvilon.
  3872 | D:4      | Noticed an angel
  3873 | D:4      | Found a glowing silver altar of Zin.
  3875 | D:4      | Found a shimmering altar of Xom.
  4293 | D:4      | Reached XP level 8. HP: 71/71 MP: 7/7
  4334 | D:5      | Entered Level 5 of the Dungeon
  4334 | D:5      | Noticed Malvoorn's ghost (novice TrMo)
  4345 | D:5      | Killed Malvoorn's ghost
  4345 | D:5      | Reached skill level 9 in Axes
  4407 | D:5      | Noticed Prince Ribbit
  4420 | D:5      | Killed Prince Ribbit
  4497 | D:5      | Reached skill level 10 in Axes
  4552 | D:5      | Found an oddly glowing altar of Pakellas.
  5012 | D:5      | Reached skill level 12 in Axes
  5012 | D:5      | Reached skill level 5 in Shields
  5012 | D:5      | Reached XP level 9. HP: 85/85 MP: 8/8
  5356 | D:6      | Reached skill level 13 in Axes
  5471 | D:6      | Reached XP level 10. HP: 93/93 MP: 9/9
  5714 | D:6      | Reached skill level 10 in Fighting
  6490 | D:7      | Found a staircase to the Ecumenical Temple.
  6881 | Temple   | Entered the Ecumenical Temple
  7176 | Temple   | Gained mutation: Your muscles are strong. (Str +2) [potion of mutation]
  7176 | Temple   | Gained mutation: You are occasionally teleported next to monsters. [potion of mutation]
  7176 | Temple   | Gained mutation: Your system is resistant to poisons. [potion of mutation]
  7190 | Temple   | Identified 2 scrolls of acquirement
  7199 | Temple   | Got a pair of faintly humming gloves
  7210 | Temple   | Identified the +0 pair of gloves of Nyxkuvog {MR++ Dex+3} (You acquired it in the Ecumenical Temple)
  7516 | D:8      | Found a snail-covered altar of Cheibriados.
  7759 | D:8      | Got a polished scale mail
  7770 | D:8      | Identified the +0 scale mail "Uqaxisko" {rC+ rN+ Regen+ Str-5} (You found it on level 8 of the Dungeon)
  7999 | D:8      | Reached skill level 10 in Armour
  8578 | D:8      | Found a staircase to the Lair.
  8800 | D:9      | Found a staircase to the Orcish Mines.
  8957 | D:9      | Reached **** piety under Trog
  9005 | D:9      | Got a crude ring mail
  9184 | D:9      | Found an iron altar of Okawaru.
  9389 | D:9      | Reached skill level 14 in Axes
  9393 | D:9      | Identified the +4 ring mail of Fashionability {Str+3 Int+4} (You found it on level 9 of the Dungeon)
  9397 | D:9      | Lost mutation: You are occasionally teleported next to monsters. [potion of cure mutation]
  9397 | D:9      | Lost mutation: Your muscles are strong. (Str +2) [potion of cure mutation]
  9397 | D:9      | Lost mutation: Your system is resistant to poisons. [potion of cure mutation]
  9413 | D:10     | Entered Level 10 of the Dungeon
  9487 | D:10     | Got a scintillating golden ring
  9492 | D:10     | Noticed a hill giant
  9503 | D:10     | Killed a hill giant
  9557 | D:10     | Reached XP level 11. HP: 98/101 MP: 10/10
  9571 | D:10     | Reached ***** piety under Trog
  9599 | D:10     | Found a flagged portal.
  9605 | D:10     | Got a crude halberd
  9620 | Bailey   | Entered a bailey
  9849 | Bailey   | Noticed an orc knight
  9849 | Bailey   | Noticed an orc knight
  9921 | Bailey   | Identified the ring of the Hippo {+Fly rF+ Stlth+} (You found it on level 10 of the Dungeon)
  9931 | Bailey   | Identified the +5 halberd of Nyhumn {drain, Int+4} (You found it on level 10 of the Dungeon)
 10114 | Bailey   | Slain by an orc knight

Skill      XL: |  1  2  3  4  5  6  7  8  9 10 11 |
---------------+----------------------------------+-----
Axes           | 4 6 8 12 13 14 | 14.3
Fighting       | 4 5 6 9 10 | 10.7
Armour         | 3 4 5 6 9 10 | 10.4
Shields        | 5 6 7 |  7.1
Dodging        | |  2.1

Action                   |  1- 3 |  4- 6 |  7- 9 | 10-12 || total
-------------------------+-------+-------+-------+-------++-------
Melee: Hand axe          |    87 |   101 |   164 |   373 ||   725
       Headbutt          |    13 |    20 |    29 |    78 ||   140
Invok: Berserk           |       |     2 |     3 |     3 ||     8
       Trog's Hand       |       |     2 |     2 |     2 ||     6
 Abil: Evoke Flight      |       |       |       |     1 ||     1
  Use: Scroll            |     6 |       |     5 |    11 ||    22
       Potion            |     6 |       |     3 |     3 ||    12
  Eat: Chunk             |     3 |     6 |     9 |    23 ||    41
       Fruit             |       |     1 |       |       ||     1
       Bread ration      |       |       |       |     1 ||     1
Armor: Scale mail        |    34 |    30 |    47 |   109 ||   220
       Chain mail        |       |       |    29 |    53 ||    82
Dodge: Dodged            |    46 |    50 |    52 |   100 ||   248
Block: Shield            |       |       |       |   159 ||   159
       Reflection        |       |       |       |     9 ||     9
